 Dungeon Crawl Stone Soup version 0.17-a0-1648-g0a089d4 (webtiles) character file.

136 thrall606 the Conjurer (level 4, -5/33 HPs)
             Began as a Draconian Conjurer on Aug 12, 2015.
             Killed by nerve-wracking pain
             ... invoked by an orc priest
              (12 damage)
             ... on level 3 of the Dungeon.
             The game lasted 00:08:37 (2420 turns).

thrall606 the Conjurer (Draconian Conjurer)         Turns: 2420, Time: 00:08:37

Health: -5/33      AC:  5    Str: 10    XL:     4   Next: 98%
Magic:  1/8        EV: 12    Int: 16    God:
Gold:   104        SH:  0    Dex: 12    Spells: 2 memorised, 6 levels left

rFire  x . .     SeeInvis .     e - -1 spear (curse)
rCold  + . .     Clarity  .     (armour unavailable)
rNeg   . . .     SustAt   .     (no shield)
rPois  .         Gourm    .     (helmet restricted)
rElec  .         Spirit   .     (no cloak)
rCorr  .         Warding  .     (no gloves)
rMut   .         Stasis   .     (no boots)
MR     .....                    (no amulet)
Stlth  ++........               (no ring)
                                i - ring of ice

@: not resistant to hostile enchantments, unstealthy
A: unfitting armour, cold-blooded, AC +5
a: no special abilities


You were on level 3 of the Dungeon.
You were not hungry.

You visited 1 branch of the dungeon, and saw 3 of its levels.

You collected 104 gold pieces.

Inventory:

Hand weapons
 c - a +0 dagger
 e - a cursed -1 spear (weapon)
 g - a +1 hand axe
 k - a +1 dagger of holy wrath
Jewellery
 i - a ring of ice (left hand)
Scrolls
 d - a scroll of identify
 f - a scroll of teleportation
Potions
 l - a potion of curing
 n - a potion of haste {unknown}
Books
 a - a book of Conjurations

   Spells                             Type                      Level
   a - Magic Dart                     Conjuration                  1
   b - Searing Ray                    Conjuration                  2
   c - Dazzling Spray                 Conjuration/Hexes            3
   d - Fulminant Prism                Conjuration/Hexes            4
   e - Iskenderun's Mystic Blast      Conjuration                  4
   f - Iskenderun's Battlesphere      Conjuration/Charms           5
Miscellaneous
 o - a plain deck of summoning
Comestibles
 b - 3 bread rations
 h - a beef jerky
 j - 4 fruits
 m - 15 chunks of flesh


   Skills:
 + Level 0.2 Fighting
 + Level 0.4 Polearms
 + Level 2.6 Dodging
 + Level 2.1 Stealth
 + Level 3.0 Spellcasting
 + Level 5.0 Conjurations


You had 6 spell levels left.
You knew the following spells:

 Your Spells              Type           Power        Failure   Level  Hunger
a - Magic Dart            Conj           ###.         2%          1    #......
b - Searing Ray           Conj           ###...       4%          2    ##.....


Dungeon Overview and Level Annotations

Branches:
Dungeon (3/15)

Altars:
Nemelex Xobeh
Ru
Vehumet


Innate Abilities, Weirdness & Mutations

Your plain brown scales are hard (AC +5).
Your body does not fit into most forms of armour.
You are cold-blooded and may be slowed by cold attacks.


Message History

Your tail-slap misses the orc priest.
The orc priest is heavily wounded.
The orc priest closely misses you.
You barely miss the orc priest. You tail-slap the orc priest.
The orc priest is severely wounded.
The orc priest closely misses you.
You barely miss the orc priest.
The orc priest is severely wounded.
The orc priest hits you with a short sword.
You barely miss the orc priest.
The orc priest is severely wounded.
The orc priest mumbles some strange prayers to Beogh against you.
Something smites you!
* * * LOW HITPOINT WARNING * * *
The orc priest closely misses you.
You closely miss the orc priest.
The orc priest is severely wounded.
The orc priest calls down the wrath of Beogh upon you.
Pain shoots through your body!
You die...

##....(######..#
#.......### #..#
#...).....###...
######.......#..#..##
.....##.....###......
#........#####..##
###.....[.# #....
#.##########.......#
#....#
.?.)..:..o@._......#
#.(..#
..##########......##
....## ###...## .....
##### ...


You could see an orc priest.

Vanquished Creatures
  An orc wizard (D:2)
  5 adders
  3 worms (D:2)
  2 giant geckos
  6 orcs (D:3)
  A ball python (D:1)
  6 goblins
  4 hobgoblins
  A quokka (D:2)
  4 bats
  2 giant cockroaches
  5 giant newts
  5 kobolds
  6 rats (D:1)
51 creatures vanquished.

Notes
Turn   | Place    | Note
--------------------------------------------------------------
     0 | D:1      | thrall606 the Draconian Conjurer began the quest for the Orb.
     0 | D:1      | Reached XP level 1. HP: 14/14 MP: 3/3
   294 | D:1      | Reached XP level 2. HP: 15/20 MP: 3/5
   300 | D:1      | Learned a level 2 spell: Searing Ray
  1130 | D:2      | Found a sacrificial altar of Ru.
  1147 | D:2      | HP: 1/20 [orc wizard/dagger (2)]
  1148 | D:2      | Reached XP level 3. HP: 1/26 MP: 1/6
  1353 | D:2      | Reached XP level 4. HP: 19/33 MP: 1/7
  2023 | D:2      | Found a radiant altar of Vehumet.
  2270 | D:3      | Reached skill level 5 in Conjurations
  2370 | D:3      | Found a sparkling altar of Nemelex Xobeh.
  2420 | D:3      | Killed from afar by an orc priest

Vault maps used:
D:1:      shiori_shiawase, lemuel_another_geyser
D:2:      lemuel_coloured_pillars_altar, nicolae_ru_great_annihilating_truth
D:3:      nemelex_deck, first_bread

Action                   |  1- 3 |  4- 6 || total
-------------------------+-------+-------++-------
Melee: Dagger            |    21 |       ||    21
       Spear             |    28 |    47 ||    75
 Cast: Magic Dart        |    49 |    48 ||    97
       Searing Ray       |       |     1 ||     1
  Use: Scroll            |     5 |     3 ||     8
       Potion            |     1 |       ||     1
  Eat: Chunk             |     1 |       ||     1
       Bread ration      |     1 |       ||     1
